 Dungeon Crawl Stone Soup version 0.20.1-1-g8b1a95d (webtiles) character file.

98 grizmgrazm2 the Vexing (level 4, 0/30 HPs)
             Began as a Vampire Enchanter on Sept 24, 2017.
             Killed by divine providence
             ... invoked by an orc priest
              (10 damage)
             ... on level 3 of the Dungeon.
             The game lasted 00:06:15 (1612 turns).

grizmgrazm2 the Vexing (Vampire Enchanter)          Turns: 1612, Time: 00:06:16

Health: 0/30       AC:  6    Str:  7    XL:     4   Next: 44%
Magic:  2/7        EV: 13    Int: 18    God:
Gold:   73         SH:  0    Dex: 14    Spells: 4/7 levels left

rFire    . . .     SeeInvis +   h - -1 dagger (curse)
rCold    + . .     Gourm    .   (no shield)
rNeg     + + .     Faith    .   b - +0 robe
rPois    +         Spirit   .   e - +2 helmet
rElec    .         Reflect  .   j - +0 cloak {MR+}
rCorr    +         Harm     .   (no gloves)
MR       +....                  (no boots)
Stlth    +++.......             (no amulet)
Regen    0.1/turn               f - ring of resist corrosion
MPRegen  0.1/turn               i - ring of loudness (curse)

@: regenerating slowly
A: fangs 3, see invisible, unbreathing
a: Bat Form


You were on level 3 of the Dungeon.
You were thirsty.

You visited 1 branch of the dungeon, and saw 3 of its levels.

You collected 73 gold pieces.

Inventory:

Hand Weapons
 a - a +1 dagger
 h - a cursed -1 dagger (weapon)
 l - a +0 falchion
Armour
 b - a +0 robe (worn)
 e - a +2 helmet (worn)
 j - a +0 cloak of magic resistance (worn)
Jewellery
 f - a ring of resist corrosion (left hand)
 i - a cursed ring of loudness (right hand)
Scrolls
 g - a scroll of identify
 m - a scroll of enchant armour {unknown}
Potions
 d - 4 potions of blood
Books
 c - a book of Maledictions

   Spells                             Type                      Level
   a - Corona                         Hexes                        1
   b - Ensorcelled Hibernation        Hexes/Ice                    2
   c - Confuse                        Hexes                        3
   d - Tukima's Dance                 Hexes                        3
   e - Dazzling Spray                 Conjuration/Hexes            3


   Skills:
 + Level 0.1 Fighting
 + Level 1.2 Short Blades
 + Level 2.4 Dodging
 + Level 5.8 Stealth
 + Level 2.4 Spellcasting
 + Level 5.9 Hexes
 + Level 0.4 Ice Magic


You had 4 spell levels left.
You knew the following spells:

 Your Spells              Type           Power        Failure   Level  Hunger
a - Ensorcelled Hibernat  Hex/Ice        ##....       7%          2    ##.....
b - Corona                Hex            ###....      1%          1    #......


Dungeon Overview and Level Annotations

Branches:
Dungeon (3/15)

Altars:

Annotations:
D:2 Sigmund


Innate Abilities, Weirdness & Mutations

You heal slowly.
You have razor-sharp teeth.
You have supernaturally acute eyesight. (SInv)
You can survive without breathing.


Message History

The orc priest hits you with a hand axe.
You hit the orc priest.
The orc priest is almost dead.
The orc priest closely misses you.
Yummy - fresh blood!
You are feeling thirsty.
The orc priest barely misses you.
You hit the orc priest but do no damage.
The orc priest is almost dead.
The orc priest invokes the aid of Beogh against you.
You resist with some effort.
You barely miss the orc priest.
The orc priest is almost dead.
The orc priest hits you with a hand axe.
You closely miss the orc priest.
You bite the orc priest, but do no damage.
The orc priest is almost dead.
The orc priest calls down the wrath of Beogh upon you.
Beogh smites you!
You die...

#.######
#..o@..#
######.#
#.# #.#
#.# #.#
#.# #.#
#.#


You could see an orc priest.

Vanquished Creatures
  An orc wizard (D:3)
  A worker ant (D:3)
  An adder (D:3)
  An ooze (D:3)
  A dart slug (D:3)
  8 orcs (D:3)
  A bat (D:3)
  3 goblins
  2 hobgoblins
  2 kobolds (D:1)
  2 frilled lizards
  6 rats
29 creatures vanquished.

Notes
Turn   | Place    | Note
-------+----------+-------------------------------------------
     0 | D:1      | grizmgrazm2 the Vampire Enchanter began the quest for the Orb.
     0 | D:1      | Reached XP level 1. HP: 13/13 MP: 3/3
   356 | D:1      | Reached XP level 2. HP: 19/19 MP: 1/5
   360 | D:1      | Learned a level 2 spell: Ensorcelled Hibernation
   665 | D:2      | Noticed Sigmund
   784 | D:3      | Reached skill level 5 in Hexes
   804 | D:3      | Reached skill level 5 in Stealth
   878 | D:3      | Reached XP level 3. HP: 24/24 MP: 1/6
  1328 | D:3      | Reached XP level 4. HP: 30/30 MP: 2/7
  1612 | D:3      | Killed from afar by an orc priest

Skill      XL: |  1  2 |
---------------+-------+-----
Hexes          | 5 |  5.9
Stealth        | 5 |  5.8
Fighting       | |  0.1
Short Blades   | |  1.2
Dodging        | |  2.4
Spellcasting   | |  2.4
Ice Magic      | |  0.4

Action                   |  1- 3 |  4- 6 || total
-------------------------+-------+-------++-------
Melee: Dagger            |    50 |    32 ||    82
       Bite              |     5 |     5 ||    10
 Cast: Corona            |    10 |       ||    10
       Ensorcelled Hiber |    15 |     7 ||    22
  Use: Scroll            |     5 |       ||     5
       Potion            |     2 |     2 ||     4
 Stab: Sleeping          |    12 |     3 ||    15
Armor: Robe              |     5 |     5 ||    10
Dodge: Dodged            |    23 |    10 ||    33
